 Dungeon Crawl Stone Soup version 0.28.0-47-ge53b351184 (webtiles) character file.

Game seed: 10335941364453748254

133 CryoSword the Ruffian (level 4, -2/45 HPs)
             Began as a Troll Fighter on May 3, 2022.
             Slain by Menkaure (9 damage)
             ... on level 4 of the Dungeon.
             The game lasted 00:02:33 (2366 turns).

CryoSword the Ruffian (Troll Fighter)               Turns: 2366, Time: 00:02:33

Health: -2/45      AC:  4    Str: 24    XL:     4   Next: 94%
Magic:  3/3        EV:  8    Int:  6    God:
Gold:   100        SH:  7    Dex:  9    Spells: 3/3 levels left

rFire   . . .      SeeInvis .     - Unarmed
rCold   . . .      Faith    .   d - +0 kite shield
rNeg    . . .      Spirit   .   a - +0 robe
rPois   .          Reflect  .   (helmet restricted)
rElec   .          Harm     .   (no cloak)
rCorr   .          Rampage  .   (gloves unavailable)
Will    .....                   (boots unavailable)
Stlth   +.........              (no amulet)
HPRegen 0.95/turn               (no ring)
MPRegen 0.08/turn               (no ring)

@: no status effects
A: large, unfitting armour, claws 3, regeneration 1, shaggy fur 1, tough skin 1
a: no special abilities


You were on level 4 of the Dungeon.
You visited 1 branch of the dungeon, and saw 4 of its levels.

You collected 100 gold pieces.

Inventory:

Missiles
 f - 6 boomerangs (quivered)
Armour
 a - a +0 robe (worn)
 d - a +0 kite shield (worn)
   (You found it on level 2 of the Dungeon)
Scrolls
 b - a scroll of teleportation {unknown}
 g - 3 scrolls of fear {unknown}
 h - a scroll of identify {@r1}
 k - a scroll of magic mapping {unknown}
 l - a scroll of enchant armour {unknown}
Potions
 c - a potion of might
 e - a potion of brilliance {unknown}
 i - a potion of invisibility {unknown}
 j - 2 potions of attraction {unknown}


   Skills:
 + Level 3.1 Fighting
 - Level 2.4 Dodging
 + Level 3.1 Shields
 * Level 3.9 Unarmed Combat


You had 3 spell levels left.
You didn't know any spells.
Your spell library contained the following spells:

 Spells                   Type           Power      Damage    Failure   Level
 Animate Skeleton         Necr           0%         N/A       75%         1
 Pain                     Necr           0%         1d4       75%         1
 Vampiric Draining        Necr           0%         2d6       98%         3


Dungeon Overview and Level Annotations

Branches:
Dungeon (4/15)
 Temple: D:4-7

Altars:
Wu Jian

Shops:
D:1 (

Annotations:
D:4 Menkaure


Innate Abilities, Weirdness & Mutations

You are too large for most types of armour.
You have claws for hands.
Your natural rate of healing is unusually fast.
You are covered in fur. (AC +1)
You have tough skin. (AC +1)


Message History

No target in view!
No target in view!
No target in view!
No target in view!
No target in view!
You see here a bat corpse.
A bat comes into view.
A bat is nearby!
A bat is nearby!
You barely miss the bat. The bat hits you but does no damage.
You block the bat's attack. The bat hits you. The bat barely misses you.
You claw the bat!
You kill the bat!
No target in view!
No target in view!
A kobold comes into view. It is wielding a +0 short sword.
The kobold shouts!
A bat comes into view.
The kobold throws a stone.
The stone barely misses you.
There are monsters nearby!
There are monsters nearby!
The kobold throws a stone.
The stone hits you.
The kobold hits you with a +0 short sword.
You claw the kobold!
You kill the kobold!
No target in view!
No target in view!
Things that are here:
a +0 short sword; 2 stones
Found a hunting sling.
You see here a +0 hunting sling.
A rat comes into view.
A rat is nearby!
A rat is nearby!
You closely miss the rat. The rat bites you but does no damage.
You scratch the rat.
You kill the rat!
No target in view!
Found an ornate altar of the Wu Jian Council.
Found 15 gold pieces.
Found a trident.
Found a whip.
You now have 89 gold pieces (gained 15).
g - 3 scrolls labelled TESYD TUUMMORPH (gained 1)
k - a scroll labelled IJEAVA LATUSA No target in view!
No target in view!
You now have 100 gold pieces (gained 11).
Found a scale mail.
You see here a +0 scale mail.
l - a scroll labelled XUETRA ZEATOY
There is a shaft here.
You see here 15 stones.
A bat is nearby!
A bat is nearby!
A bat is nearby!
The bat hits you but does no damage. You block the bat's attack.
You scratch the bat. You block the bat's attack.
You closely miss the bat. The bat closely misses you.
The bat hits you but does no damage.
You claw the bat!
You kill the bat!
No target in view!
Things that are here:
a +0 short sword; 2 stones Done exploring.
Done exploring.
Done exploring.
Done exploring.
No target in view!
You see here 15 stones.
There is a stone staircase leading down here.
You climb downwards.
The goblin shouts! x2
Found 14 stones.
There is a stone staircase leading up here.
You claw the goblin!
You kill the goblin!
The goblin barely misses you.
You claw the goblin!
You kill the goblin!
No target in view!
Things that are here:
a +0 dagger; a +0 hunting sling; 15 stones
There is a stone staircase leading up here.
An iguana comes into view.
An iguana is nearby!
An iguana is nearby!
A centaur skeleton comes into view.
The iguana hisses angrily.
You hear a shout!
Menkaure, Prince of Dust comes into view.
The centaur skeleton hits you but does no damage.
The centaur skeleton kicks you but does no damage.
You claw the centaur skeleton!
You block the centaur skeleton's attack.
The centaur skeleton kicks you but does no damage.
Menkaure casts a spell.
Menkaure seems to speed up.
You claw the centaur skeleton!
The centaur skeleton hits you but does no damage.
The centaur skeleton barely misses you.
You claw the centaur skeleton!
You destroy the centaur skeleton!
Your Fighting skill increases to level 3!
Your Shields skill increases to level 3!
You claw the iguana! The iguana bites you.
You closely miss the iguana.
Menkaure calls on the powers of darkness!
The iguana convulses!
Your body is wracked with pain!
* * * LOW HITPOINT WARNING * * *
The iguana bites you.
* * * LOW HITPOINT WARNING * * *
You hear a bark!
Unknown command.
A hound comes into view.
Menkaure breathes soot at you.
There is a stone staircase leading up here.
The iguana bites you.
* * * LOW HITPOINT WARNING * * *
You climb upwards.
There is a stone staircase leading down here.
You scratch the iguana.
You kill the iguana!
You start resting.
You climb downwards.
Level annotation: Menkaure
There is a stone staircase leading up here.
You scratch Menkaure.
Menkaure mumbles some strange words.
Menkaure seems to speed up.
You scratch Menkaure. Menkaure hits you.
You scratch Menkaure but do no damage.
Menkaure calls on the powers of darkness!
The hound convulses!
Your body is wracked with pain!
You barely miss Menkaure. You block Menkaure's attack. Menkaure hits you.
You barely miss Menkaure. Menkaure casts a spell at you.
Pain shoots through your body!
* * * LOW HITPOINT WARNING * * *
You barely miss Menkaure.
Menkaure gestures at you while chanting.
Pain shoots through your body!
* * * LOW HITPOINT WARNING * * *
You scratch Menkaure but do no damage. You block Menkaure's attack.
You barely miss Menkaure. Menkaure hits you!
You die...

# #.
#..#####
#.h....#
#.####.####
#...h#######
####M#.....#
#.@.(...#
###.)...#
#(....#
#.....#
#.....#
#.....#
#######


You could see Menkaure (fast) and a hound.

Vanquished Creatures
  A centaur skeleton (D:4)
  An iguana (D:3)
  An adder (D:3)
  4 dart slugs
  9 bats
  8 endoplasms
  2 giant cockroaches
  6 goblins
  8 hobgoblins
  2 quokkas
  4 ball pythons
  A frilled lizard (D:1)
  6 kobolds
  2 rats
  A bush (D:1)
56 creatures vanquished.

Vanquished Creatures (others)
  A bush (D:1)
  A plant (D:1)
2 creatures vanquished.

Grand Total: 58 creatures vanquished

Notes
Turn   | Place    | Note
-------+----------+-------------------------------------------
     0 | D:1      | CryoSword the Troll Fighter began the quest for the Orb.
     0 | D:1      | Reached XP level 1. HP: 22/22 MP: 0/0
   117 | D:1      | Found Zavirukh's Antique Weapon Shop.
   177 | D:1      | Reached XP level 2. HP: 29/29 MP: 1/1
   599 | D:1      | Found a faded altar of an unknown god.
   685 | D:1      | Reached XP level 3. HP: 36/36 MP: 2/2
  1798 | D:3      | Reached XP level 4. HP: 44/44 MP: 3/3
  1953 | D:3      | Found an ornate altar of the Wu Jian Council.
  2315 | D:4      | Noticed Menkaure
  2366 | D:4      | Slain by Menkaure

Illustrated notes

Levels and vault maps discovered:
D:1:      dpeg_arrival_solitude, layout_loops_corners,
          hellmonk_ecumenical_altar_arch_garden, serial_forest,
          infiniplex_forest_end_3, infiniplex_forest_straight_2,
          infiniplex_forest_lined_2, infiniplex_forest_end_1, serial_shops,
          nicolae_shop_waterfront
D:2:      layout_basic
D:3:      layout_loops_ring, nicolae_wu_jian_wuxing_cycle
D:4:      layout_rooms, mainiacjoe_overflow_alcove_1, minmay_cut_off,
          uniq_menkaure, uniq_duvessa

Skill      XL: |  1  2  3  4 |
---------------+-------------+-----
Unarmed Combat | 3 |  3.9
Fighting       | 3 |  3.1
Shields        | 3 |  3.1
Dodging        | |  2.4

Action                   |  1- 3 |  4- 6 || total
-------------------------+-------+-------++-------
Melee: Unarmed           |   202 |    36 ||   238
  Use: Scroll            |     2 |       ||     2
 Stab: Sleeping          |     2 |       ||     2
Armor: Robe              |    48 |    12 ||    60
Dodge: Dodged            |    38 |    10 ||    48
Block: Kite shield       |    35 |    13 ||    48
